AoeStats
← fabrycyo400

Arena

509205138Analyzed
1v1 RM · 8d ago on Sep 25, 2026· 60m 25s· 2 players
Game mode
Random Map
Map size
Tiny (2 player)
Population
200
Speed
Normal
Resources
Standard
Victory
Conquest
Starting age
Dark Age
Ending age
Imperial Age
RankedLock teamsTeams togetherTeam positionsShared explorationLock speedFull tech treeHidden civsTurbo modeCheats
Victory
Defeat
🇧🇷 Goths · Brazil
372
+9
🇦🇷 Portuguese · Argentina
210
-9
MAGICO
0:59 Loom
12:21 Feudal Age
13:05 Double-Bit Axe
13:06 Horse Collar
13:22 Man-at-Arms
13:49 Arson
19:14 Gold Mining
19:15 Stone Mining
23:18 Castle Age
23:52 Bloodlines
25:01 Bow Saw
25:07 Heavy Plow
29:40 Long Swordsman
30:06 Gambesons
32:41 Stone Shaft Mining
32:34 Pikeman
33:18 Husbandry
37:13 Imperial Age
39:28 Crop Rotation
40:02 Two-Man Saw
39:07 Devotion
40:13 Chemistry
39:24 Fortified Wall
40:11 Wheelbarrow
39:47 Light Cavalry
46:23 Cavalier
49:45 Forging
49:36 Scale Mail Armor
49:42 Scale Barding Armor
50:14 Elite Organ Gun
53:53 Elite Skirmisher
54:04 Two-Handed Swordsman
54:05 Halberdier
57:39 Bombard Tower
57:15 Murder Holes
59:51 Iron Casting
59:32 Chain Mail Armor
59:38 Chain Barding Armor
fabrycyo400
12:07 Feudal Age
15:11 Wheelbarrow
14:54 Double-Bit Axe
21:00 Castle Age
25:40 Bow Saw
25:12 Horse Collar
26:24 Hand Cart
26:26 Heavy Plow
26:21 Stone Mining
26:25 Gold Mining
32:22 Forging
32:13 Scale Mail Armor
32:18 Scale Barding Armor
32:14 Padded Archer Armor
32:04 Fletching
36:22 Imperial Age
34:36 Stone Shaft Mining
35:11 Chain Barding Armor
36:38 Anarchy
37:21 Squires
38:45 Iron Casting
40:28 Perfusion
41:56 Two-Man Saw
41:00 Elite Huskarl
43:39 Crop Rotation
44:21 Blast Furnace
43:40 Chain Mail Armor
43:24 Bodkin Arrow
43:49 Leather Archer Armor
45:01 Pikeman
45:02 Man-at-Arms
Connection lost

Rejoining the realm…

Still unreachable

The connection could not be restored.

Session expired

The server has moved on; the page needs a fresh start.